 Dungeon Crawl Stone Soup version 0.29-a0-870-g2c972031a6 (webtiles) character file.

Game seed: 9842896132249892055

30185 ytrimaz the Brawler (level 13, -3/93 HPs)
             Began as a Demonspawn Fighter on July 18, 2022.
             Was a High Priest of Hepliaklqana.
             Slain by a minotaur (20 damage)
             ... in a Gauntlet.
             The game lasted 00:27:35 (19259 turns).

ytrimaz the Brawler (Demonspawn Fighter)           Turns: 19259, Time: 00:27:36

Health: -3/93      AC: 14    Str: 21    XL:     13   Next: 19%
Magic:  0/13       EV:  6    Int: 10    God:    Hepliaklqana [*****.]
Gold:   2228       SH:  0    Dex: 20    Spells: 12/12 levels left

rFire   + . .      SeeInvis .     - Unarmed
rCold   . . .      Faith    .   (no shield)
rNeg    . . .      Spirit   +   f - +0 plate armour
rPois   +          Reflect  .   (helmet restricted)
rElec   +          Harm     .   b - +0 cloak
rCorr   .          Rampage  .   (no gloves)
Will    +....      NoTele   +   (no boots)
Stlth   ..........              q - amulet of guardian spirit
HPRegen 0.25/turn               O - ring "Usetyex" {rElec rPois rF+ rC- Will+ Dex+7}
MPRegen 0.26/turn               g - ring of protection from cold

@: studying Fighting
A: reduced essence, claws 2, hooves 2, horns 1, demonic guardian 1, magic
regeneration
a: Renounce Religion, Recall Ancestor, Ancestor Identity, Transference, Idealise


You were in a Gauntlet.
You worshipped Hepliaklqana.
Hepliaklqana was extremely pleased with you.
You visited 2 branches of the dungeon, and saw 14 of its levels.
You also visited: Sewer and Gauntlet.

You collected 2384 gold pieces.
You spent 156 gold pieces at shops.

Inventory:

Missiles
 M - a throwing net
Armour
 b - a +0 cloak (worn)
 c - a +0 buckler
 f - a +0 plate armour (worn)
 k - +0 steam dragon scales
 H - a +3 troll leather armour {Snorg}
Magical Staves
 R - a staff of conjuration
Jewellery
 d - a +4 ring of protection
 g - a ring of protection from cold (right claw)
 i - a ring of positive energy
 p - a ring of positive energy
 q - an amulet of guardian spirit (around neck)
 z - a ring of resist corrosion
 C - a +6 ring of dexterity
 I - a ring of protection from fire
 J - a ring of magical power
 L - a +6 ring of intelligence
 O - the ring "Usetyex" (left claw) {rElec rPois rF+ rC- Will+ Dex+7}
   (You found it in a Gauntlet)

   [ring of willpower]

   Dex:       It affects your dexterity (+7).
   rF:        It protects you from fire.
   rC:        It makes you vulnerable to cold.
   rElec:     It insulates you from electricity.
   rPois:     It protects you from poison.
   Will:      It increases your willpower.
Wands
 l - a wand of light (13) (quivered)
 t - a wand of polymorph (4)
 y - a wand of roots (13)
 B - a wand of paralysis (18)
Scrolls
 h - 3 scrolls of blinking
 u - 4 scrolls of teleportation
 v - 3 scrolls of enchant armour
 x - 2 scrolls of fear
 A - a scroll of amnesia
 D - a scroll of identify
 E - a scroll of enchant weapon
 F - a scroll of silence
 G - a scroll of fog
Potions
 a - 2 potions of attraction
 e - 6 potions of curing
 j - 2 potions of cancellation
 m - a potion of ambrosia
 n - 2 potions of invisibility
 o - 3 potions of mutation
 r - 6 potions of degeneration
 s - 2 potions of lignification
 w - 5 potions of haste
 K - a potion of heal wounds
Miscellaneous
 N - a phantom mirror


   Skills:
 + Level 10.5 Fighting
 - Level 1.7 Short Blades
 - Level 7.0 Armour
 - Level 4.0 Shields
 + Level 17.6 Unarmed Combat
 + Level 2.0 Evocations


You had 12 spell levels left.
You didn't know any spells.
Your spell library contained the following spells:

 Spells                   Type           Power      Damage    Failure   Level
 Apportation              Tloc           0%         N/A       100%        1
 Beastly Appendage        Tmut           0%         N/A       100%        1
 Freeze                   Ice            0%         1d3       100%        1
 Slow                     Hex            0%         N/A       100%        1
 Blink                    Tloc           0%         N/A       100%        2
 Static Discharge         Conj/Air       0%         3-3/arc   100%        2
 Wereblood                Tmut           0%         N/A       100%        2
 Confusing Touch          Hex            0%         N/A       100%        3
 Frozen Ramparts          Ice            0%         1d2       100%        3
 Spider Form              Tmut/Pois      0%         N/A       100%        3
 Vampiric Draining        Necr           0%         2d6       100%        3
 Dispel Undead            Necr           0%         3d6       100%        4
 Hailstorm                Conj/Ice       0%         3d3       100%        4
 Sticky Flame             Conj/Fire      0%         2d3       100%        4
 Alistair's Intoxication  Tmut/Pois      0%         N/A       100%        5
 Manifold Assault         Tloc           0%         N/A       100%        5
 Summon Forest            Summ/Tloc      0%         N/A       100%        5
 Eringya's Noxious Bog    Tmut/Pois      0%         N/A       100%        6
 Summon Cactus Giant      Summ           0%         N/A       100%        6
 Storm Form               Tmut/Air       0%         N/A       100%        7
 Summon Hydra             Summ           0%         N/A       100%        7
 Summon Horrible Things   Summ           0%         N/A       100%        8


Dungeon Overview and Level Annotations

Branches:
Dungeon (13/15)            Temple (1/1) D:5            Lair (0/5) D:11
    Orc (0/2) D:9           Sewer (visited)         Gauntlet (1/1)
 Vaults: D:13-14

Altars:
Ashenzari
Cheibriados
Dithmenos
Fedhas
Gozag
Hepliaklqana
Kikubaaqudgha
Makhleb
Nemelex Xobeh
Okawaru
Qazlal
Ru
Sif Muna
Trog
Uskayaw
Vehumet
Wu Jian
Xom
Yredelemnul

Shops:
D:2 (   D:5 :?   D:9 *   D:10 *:   D:11 (

Annotations:
D:5 2 runed translucent doors, Brotato's ghost, novice SpBr
D:8 exclusion: moth of wrath Gauntlet 12 transporters, 21 runed translucent doors


Innate Abilities, Weirdness & Mutations

Your life essence is reduced to manifest your ancestor. (-10% HP)
You have very sharp fingernails.
You have hoof-like feet.
You have a pair of small horns on your head.
A weak demonic guardian rushes to your aid.
You regenerate magic rapidly.


Message History

You swap places.
The minotaur hits your ice devil.
The minotaur barely misses your ice devil.
Your ice devil hits the minotaur.
Your ice devil freezes the minotaur!
Unknown command.
You swap places.
The minotaur throws a javelin.
The javelin pierces through your ice devil!
The javelin pierces through you!!
* * * LOW HITPOINT WARNING * * *
Your ice devil hits the minotaur but does no damage.
Unknown command.
Okay, then.
Something hits your ice devil!!
Your ice devil dies!
Your ice devil disappears in a puff of smoke!
You feel much better.
Marduk-asir hits the minotaur with a +0 quarterstaff.
Unknown command.
You swap places.
The minotaur hits you but does no damage.
The minotaur gores you but does no damage.
Unknown command.
You scratch the minotaur but do no damage.
You kick the minotaur.
You headbutt the minotaur, but do no damage.
The minotaur is almost dead.
You scratch the minotaur but do no damage.
You kick the minotaur, but do no damage.
Your headbutt misses the minotaur.
The minotaur is almost dead.
The minotaur hits you but does no damage.
The minotaur gores you!
* * * LOW HITPOINT WARNING * * *
Marduk-asir points at the minotaur and mumbles some strange words.
The stone arrow hits the minotaur.
You catch the helpless minotaur completely off-guard!
You scratch the minotaur.
You kick the minotaur, but do no damage.
The minotaur is almost dead.
The minotaur hits you!!
You die...

.................................
.................§∩≈.............
#################################
# #8# #8##≈...............≈##8# #
# ### ####8..©.©.©.©.©.©..8#### #
#≈...............≈#
###.##.##.##.##.###
##.##.##.##.##.# #....R@.........
#.##.##H##.##.## #. #.# .# .# ..
... . . #.##.#'# #. #. #. .# .#
.. .. .# . .# .# .# #. ∩#


You could see the friendly Marduk-asir the battlemage and a minotaur (ally
target).

Vanquished Creatures
  Harold (D:11)
  2 boulder beetles (D:11)
  2 hydras (D:11)
  A centaur warrior (D:13)
  2 two-headed ogres
  A tengu warrior (Gauntlet)
  Lodul (D:11)
  A wizard (D:11)
  2 necromancers (D:9)
  An ugly thing (D:12)
  2 manticores
  A cyclops (D:12)
  Maurice (D:11)
  2 unseen horror zombies (D:9)
  A kobold demonologist (D:12)
  A hellion (Gauntlet)
  A komodo dragon (D:11)
  Maggie (D:10)
  A tengu conjurer (Gauntlet)
  A troll (D:9)
  4 unseen horror skeletons (D:9)
  A hornet (D:8)
  5 slime creatures
  5 shadows
  2 flying skulls (D:9)
  3 wraiths
  15 yaks
  2 basilisks
  Grum (D:10)
  2 steam dragons
  9 vampire mosquitoes
  2 acid dragons
  2 orc warriors
  3 sky beasts (D:7)
  2 ice beasts (D:7)
  4 black bears
  3 ogres (D:11)
  A wolf (D:10)
  7 centaurs
  2 phantoms
  A lemure (D:7)
  6 kobold brigands
  A necrophage (D:6)
  3 bullfrogs
  A scorpion (D:4)
  10 wights
  7 killer bees
  2 howler monkeys (D:10)
  2 centaur zombies (D:9)
  3 orc priests
  A centaur skeleton (D:9)
  5 jellies
  Crazy Yiuf (D:3)
  2 hounds
  Jessica (D:3)
  3 iguanas
  Terence (D:3)
  Natasha (twice) (D:2)
  11 orc wizards
  A killer bee zombie (D:9)
  3 ogre zombies (D:9)
  A howler monkey zombie (D:9)
  2 howler monkey skeletons (D:9)
  4 gnolls
  15 adders
  2 river rats (Sewer)
  2 ufetubi
  8 worms
  5 dart slugs
  17 orcs
  5 ball pythons
  8 bats
  4 endoplasms
  6 giant cockroaches
  7 goblins
  5 hobgoblins
  4 jackals (D:1)
  2 quokkas
  6 frilled lizards
  2 goblin zombies (D:9)
  A hobgoblin skeleton (D:9)
  A hobgoblin zombie (D:9)
  20 kobolds
  3 orc skeletons (D:9)
  8 orc zombies (D:9)
  15 rats
321 creatures vanquished.

Vanquished Creatures (collateral kills)
  Snorg (D:10)
  2 boulder beetles
  Pikel (D:7)
  An unseen horror zombie (D:9)
  Psyche (D:10)
  A troll (D:10)
  An unseen horror skeleton (D:9)
  A hornet (D:9)
  2 flying skulls (D:9)
  A shadow (D:9)
  2 yaks
  A wraith (D:10)
  A vampire mosquito (D:10)
  2 two-headed ogre zombies (D:9)
  A wolf (D:10)
  3 ogres (D:11)
  4 centaurs
  2 kobold brigands
  A phantom (D:9)
  A bullfrog (D:9)
  3 wights
  4 killer bees
  A troll zombie (D:9)
  A howler monkey (D:10)
  A jelly (Gauntlet)
  A centaur skeleton (D:9)
  2 orc priests
  3 orc wizards
  Natasha (D:2)
  2 ogre zombies (D:9)
  2 howler monkey zombies (D:9)
  3 gnolls (D:5)
  An adder (D:6)
  2 worms (D:8)
  10 orcs
  A goblin (D:4)
  A hobgoblin skeleton (D:9)
  2 hobgoblin zombies (D:9)
  2 kobolds (D:9)
  7 orc zombies (D:9)
  2 rats (D:8)
  A bush (D:5)
83 creatures vanquished.

Vanquished Creatures (others)
  A cyclops (D:12)
  A yak (D:9)
  A vampire mosquito (D:12)
  8 battlemagi
  An ancestor (D:6)
  A bat (D:3)
  41 plants (D:11)
54 creatures vanquished.

Grand Total: 458 creatures vanquished

Notes
Turn   | Place    | Note
-------+----------+-------------------------------------------
     0 | D:1      | ytrimaz the Demonspawn Fighter began the quest for the Orb.
     0 | D:1      | Reached XP level 1. HP: 18/18 MP: 1/1
    97 | D:1      | Discovered your monstrous ancestry.
    97 | D:1      | Gained mutation: You have sharp fingernails. [demonic
                  | ancestry]
    97 | D:1      | Reached XP level 2. HP: 13/24 MP: 2/2
  1234 | D:2      | Gained mutation: You have a pair of small horns on your
                  | head. [demonic ancestry]
  1234 | D:2      | Reached XP level 3. HP: 29/29 MP: 3/3
  1523 | D:2      | Found Quluuse's Weapon Shoppe.
  1558 | D:2      | Gained mutation: A weak demonic guardian rushes to your
                  | aid. [demonic ancestry]
  1558 | D:2      | Reached XP level 4. HP: 24/37 MP: 4/4
  1565 | D:2      | Noticed Natasha
  1575 | D:2      | Killed Natasha
  1893 | D:2      | Noticed Natasha
  1899 | D:2      | Killed Natasha
  1960 | D:2      | Noticed Natasha
  1966 | D:2      | Killed Natasha
  1967 | D:2      | Gained mutation: You have large cloven feet. [demonic
                  | ancestry]
  1967 | D:2      | Reached XP level 5. HP: 34/42 MP: 5/5
  2456 | D:2      | Found a faded altar of an unknown god.
  3314 | D:3      | Found a runed translucent door.
  3315 | D:3      | Noticed Crazy Yiuf
  3343 | D:3      | Noticed Jessica
  3354 | D:3      | Killed Jessica
  3520 | D:3      | Reached XP level 6. HP: 45/49 MP: 6/6
  3522 | D:3      | Noticed Terence
  3546 | D:3      | Killed Terence
  3708 | D:3      | Killed Crazy Yiuf
  3900 | D:4      | Found a glowing drain.
  3925 | Sewer    | Entered a sewer
  4068 | Sewer    | Reached skill level 5 in Armour
  4297 | Sewer    | Reached skill level 5 in Fighting
  4403 | Sewer    | Reached XP level 7. HP: 54/56 MP: 7/7
  5420 | D:4      | Reached skill level 1 in Unarmed Combat
  5420 | D:4      | Gained mutation: You have hoof-like feet. [demonic
                  | ancestry]
  5420 | D:4      | Reached XP level 8. HP: 48/63 MP: 8/8
  5683 | D:4      | Reached skill level 2 in Unarmed Combat
  6149 | D:5      | Entered Level 5 of the Dungeon
  6240 | D:5      | Found Oddus's Magic Scroll Shoppe.
  6250 | D:5      | Bought a scroll of identify for 26 gold pieces
  6250 | D:5      | Bought a scroll of identify for 26 gold pieces
  6250 | D:5      | Bought a scroll of identify for 26 gold pieces
  6250 | D:5      | Bought a scroll of identify for 26 gold pieces
  6250 | D:5      | Bought a scroll of fear for 52 gold pieces
  6278 | D:5      | Found a staircase to the Ecumenical Temple.
  6540 | Temple   | Entered the Ecumenical Temple
  6736 | Temple   | Became a worshipper of Hepliaklqana the Forgotten
  6773 | D:5      | Reached skill level 3 in Unarmed Combat
  6837 | D:5      | Found Luesiull's Vocational Training.
  6922 | D:5      | Found a runed translucent door.
  6928 | D:5      | Noticed Brotato's ghost (novice SpBr)
  7086 | D:5      | Found a runed translucent door.
  7207 | D:5      | Reached skill level 4 in Unarmed Combat
  7414 | D:5      | Identified the +1 leather armour of Fortitude {rC+ MP+9}
  7562 | D:5      | Identified a scroll of acquirement
  7712 | D:6      | Reached skill level 5 in Unarmed Combat
  7816 | D:6      | Reached * piety under Hepliaklqana
  8076 | D:6      | Reached skill level 6 in Unarmed Combat
  8076 | D:6      | Reached XP level 9. HP: 60/62 MP: 9/9
  8351 | D:6      | Reached skill level 1 in Evocations
  8796 | D:7      | Noticed Pikel
  8806 | D:7      | Killed Pikel
  8807 | D:7      | Reached skill level 7 in Unarmed Combat
  8819 | D:7      | Reached skill level 8 in Unarmed Combat
  9367 | D:7      | Reached skill level 9 in Unarmed Combat
  9871 | D:7      | Identified the +2 spear of Capital Punishment {vorpal, rF+
                  | rC+ Int+4 Dex+4}
 10097 | D:7      | Found an ornate altar of the Wu Jian Council.
 10100 | D:7      | Found a shadowy altar of Dithmenos.
 10101 | D:7      | Found a burning altar of Makhleb.
 10102 | D:7      | Found a sacrificial altar of Ru.
 10103 | D:7      | Found a shimmering blue altar of Sif Muna.
 10238 | D:8      | Noticed a manticore
 10247 | D:8      | Killed a manticore
 10248 | D:8      | Reached XP level 10. HP: 46/69 MP: 5/10
 10317 | D:8      | Reached ** piety under Hepliaklqana
 10327 | D:8      | Reached skill level 10 in Unarmed Combat
 10329 | D:8      | Remembered your ancestor Marduk-asir as a battlemage
 10569 | D:8      | Noticed a moth of wrath
 10572 | D:8      | Found a bloodstained altar of Trog.
 11018 | D:8      | Acquired 1267 gold pieces
 11022 | D:8      | Acquired a manual of Fighting
 11365 | D:9      | Reached skill level 11 in Unarmed Combat
 11390 | D:9      | Found a staircase to the Orcish Mines.
 12033 | D:9      | Found a stormy altar of Qazlal.
 12040 | D:9      | Reached skill level 12 in Unarmed Combat
 12259 | D:9      | Gained mutation: You have very sharp fingernails. [demonic
                  | ancestry]
 12259 | D:9      | Reached XP level 11. HP: 70/75 MP: 8/11
 12324 | D:9      | Noticed a necromancer
 12325 | D:9      | Noticed a necromancer
 12354 | D:9      | Killed a necromancer
 12383 | D:9      | Killed a necromancer
 12384 | D:9      | Reached skill level 13 in Unarmed Combat
 13010 | D:9      | Found Lushresh's Overcharged Wands.
 13039 | D:9      | Reached skill level 14 in Unarmed Combat
 13209 | D:10     | Entered Level 10 of the Dungeon
 13209 | D:10     | Reached *** piety under Hepliaklqana
 13325 | D:10     | Noticed Snorg
 13330 | D:10     | Noticed Psyche
 13520 | D:10     | Killed Snorg
 13778 | D:10     | Killed Psyche
 13863 | D:10     | Found Weicoc's Book Shoppe.
 13897 | D:10     | Noticed Maggie
 13906 | D:10     | Killed Maggie
 13931 | D:10     | Gained mutation: You regenerate magic rapidly. [demonic
                  | ancestry]
 13931 | D:10     | Reached XP level 12. HP: 85/85 MP: 10/12
 14102 | D:10     | Found Xuazxudo's Blasphemy Boutique.
 14191 | D:10     | Reached skill level 15 in Unarmed Combat
 14248 | D:10     | Noticed Grum
 14259 | D:10     | Killed Grum
 14585 | D:11     | Noticed a boulder beetle
 14592 | D:11     | Killed a boulder beetle
 14871 | D:11     | Noticed a five-headed hydra
 14877 | D:11     | Killed a five-headed hydra
 15187 | D:11     | Noticed a two-headed ogre
 15191 | D:11     | Killed a two-headed ogre
 15247 | D:11     | Identified the +2 robe of Voebuseyng {rF+ Str+8}
 15267 | D:11     | Noticed Lodul
 15276 | D:11     | Killed Lodul
 15280 | D:11     | Noticed a seven-headed hydra
 15300 | D:11     | Killed a seven-headed hydra
 15301 | D:11     | Reached skill level 16 in Unarmed Combat
 15839 | D:11     | Reached **** piety under Hepliaklqana
 15839 | D:11     | Noticed a boulder beetle
 15849 | D:11     | Found Coraerul's Antique Weapon Boutique.
 15852 | D:11     | Killed a boulder beetle
 15982 | D:11     | Found a staircase to the Lair.
 16097 | D:11     | Noticed a boulder beetle
 16116 | D:11     | Killed a boulder beetle
 16236 | D:11     | Noticed Harold
 16236 | D:11     | Noticed Maurice
 16245 | D:11     | Killed Harold
 16246 | D:11     | Reached skill level 10 in Fighting
 16247 | D:11     | Killed Maurice
 16879 | D:12     | Reached skill level 17 in Unarmed Combat
 16899 | D:12     | Got the Codex of the Merchant
 16902 | D:12     | Identified the +5 flail of Ysegoasme {antimagic, rElec rN+
                  | Str-4 Stlth+}
 17114 | D:12     | Noticed a boulder beetle
 17121 | D:12     | Killed a boulder beetle
 17397 | D:12     | Noticed a two-headed ogre
 17422 | D:12     | Killed a two-headed ogre
 17423 | D:12     | Reached XP level 13. HP: 83/92 MP: 13/13
 17749 | D:13     | Found a gate leading to a gauntlet.
 17791 | Gauntlet | Entered a Gauntlet
 17791 | Gauntlet | Found a transporter.
 17998 | Gauntlet | Found a transporter.
 18013 | Gauntlet | Found a transporter.
 18015 | Gauntlet | Found a large runed translucent door.
 18015 | Gauntlet | Found a large runed translucent door.
 18016 | Gauntlet | Found a large runed translucent door.
 18016 | Gauntlet | Found a large runed translucent door.
 18017 | Gauntlet | Found a large runed translucent door.
 18017 | Gauntlet | Found a large runed translucent door.
 18017 | Gauntlet | Found a runed translucent door.
 18017 | Gauntlet | Found a runed translucent door.
 18017 | Gauntlet | Found a large runed translucent door.
 18017 | Gauntlet | Noticed an entropy weaver
 18018 | Gauntlet | Found a transporter.
 18033 | Gauntlet | Found a transporter.
 18048 | Gauntlet | Found a large runed translucent door.
 18048 | Gauntlet | Reached ***** piety under Hepliaklqana
 18049 | Gauntlet | Found a large runed translucent door.
 18050 | Gauntlet | Found a large runed translucent door.
 18050 | Gauntlet | Found a large runed translucent door.
 18051 | Gauntlet | Found a runed translucent gate.
 18052 | Gauntlet | Found a transporter.
 18052 | Gauntlet | Found a runed translucent gate.
 18053 | Gauntlet | Found a runed translucent gate.
 18054 | Gauntlet | Found a large runed translucent door.
 18054 | Gauntlet | Found a large runed translucent door.
 18055 | Gauntlet | Found a large runed translucent door.
 18056 | Gauntlet | Found a large runed translucent door.
 18064 | Gauntlet | Found a transporter.
 18076 | Gauntlet | Found a transporter.
 18080 | Gauntlet | Noticed a blizzard demon
 18088 | Gauntlet | Found a transporter.
 18100 | Gauntlet | Noticed a reaper
 18107 | Gauntlet | Found a transporter.
 18124 | Gauntlet | Found a transporter.
 18141 | Gauntlet | Found a transporter.
 18143 | Gauntlet | Found a transporter.
 18168 | Gauntlet | Found a transporter.
 18170 | Gauntlet | Found a transporter.
 18262 | Gauntlet | Found a large runed translucent door.
 18266 | Gauntlet | Found a transporter.
 18580 | Gauntlet | Found a transporter.
 18586 | Gauntlet | Found a transporter.
 18982 | Gauntlet | Noticed a sphinx
 19013 | Gauntlet | Identified the ring "Usetyex" {rElec rPois rF+ rC- Will+
                  | Dex+7}
 19241 | Gauntlet | Noticed a minotaur
 19259 | Gauntlet | Slain by a minotaur

Illustrated notes

Levels and vault maps discovered:
D:1:      saegor_arrival_simple_c, layout_basic
D:2:      layout_basic, shapermc_ecumenical_altar_notcrosses, serial_shops,
          shop, uniq_natasha
D:3:      layout_basic, uniq_terence, uniq_crazy_yiuf_cottage, uniq_jessica
D:4:      layout_gridville, cheibrodos_sewer_entry_drain
D:5:      layout_gridville, minmay_temple_entry_proselytizer,
          ebering_ghost_sewer_f, serial_shops, shop_fountains,
          kb_lookout_dungeons_type, nicolae_shop_vocational
D:6:      layout_basic, grunt_ministairs_1, minmay_crystal_water,
          chequers_serial_rivers_micro_a, solitary_fountain
D:7:      layout_basic, minitemple, minmay_starry_boxes, uniq_pikel
D:8:      layout_gridville, tgw_trog
D:9:      hangedman_screamer, layout_loops_ring,
          nicolae_qazlal_scattered_showers, mainiacjoe_overflow_tiny_flanked,
          zombieorc2_lemuel, nicolae_shop_overcharged_wands
D:10:     layout_irregular_city, serial_shops, shop, nicolae_evil_shop,
          uniq_snorg, uniq_psyche, uniq_maggie, uniq_grum
D:11:     minmay_distorted_concentric_squares, layout_loops_corners,
          david_lair_shrubbed, serial_shops, nicolae_shop_trees, uniq_harold,
          uniq_lodul, uniq_maurice
D:12:     layout_rooms, lemuel_flamethrower_hall
D:13:     layout_rooms, gauntlet_entry_generic, serial_aquarium,
          aquarium_bridge_island_small [aquarium_subvault_small_open,
          aquarium_subvault_bridge, aquarium_subvault_bridge,
          aquarium_subvault_bridge, aquarium_subvault_wall],
          aquarium_bridge_square [aquarium_subvault_wall,
          aquarium_subvault_wall, aquarium_subvault_window,
          aquarium_subvault_bridge], aquarium_window_fake, aquarium_window_fake,
          aquarium_view_2c, aquarium_view_2b, aquarium_balcony_1b,
          aquarium_pool_corner, minmay_checkered_concentric_circles
Temple:   nicolae_temple_bog_church
Gauntlet: gammafunk_gauntlet_one_two_three [nicolae_gauntlet_arena_quarters,
          nicolae_gauntlet_arena_t_cross, gammafunk_gauntlet_arena_crates,
          nicolae_gauntlet_swirl, nicolae_gauntlet_arena_blocks,
          nicolae_gauntlet_arena_flowing_pool, nicolae_gauntlet_arena_grate_2,
          minmay_gauntlet_arena_make_your_own_arena,
          gammafunk_gauntlet_arena_spirals, gauntlet_exit_green]

Skill      XL: |  1  2  3  4  5  6  7  8  9 10 11 12 13 |
---------------+----------------------------------------+-----
Armour         | 3 4 5 6 7 |  7.0
Shields        | 3 4 |  4.0
Fighting       | 4 5 6 7 9 10 | 10.5
Unarmed Combat | 1 6 9 12 14 17 | 17.6
Evocations     | 1 2 |  2.0
Short Blades   | |  1.7

Action                   |  1- 3 |  4- 6 |  7- 9 | 10-12 | 13-15 || total
-------------------------+-------+-------+-------+-------+-------++-------
Melee: Rapier            |   138 |    21 |       |       |       ||   159
       Headbutt          |     3 |    48 |    77 |    84 |    10 ||   222
       Unarmed           |       |   236 |   386 |   458 |    50 ||  1130
       Kick              |       |    62 |   122 |   150 |    18 ||   352
       Punch             |       |       |       |     7 |     6 ||    13
Invok: Recall Ancestor   |       |       |     1 |       |     1 ||     2
       Ancestor Identity |       |       |     1 |       |       ||     1
       Ancestor Life: Ba |       |       |       |     1 |       ||     1
Evoke: Wand              |       |       |     3 |     3 |       ||     6
  Use: Scroll            |     3 |     5 |    11 |     6 |     3 ||    28
       Potion            |     1 |     1 |     3 |     1 |     1 ||     7
 Stab: Distracted        |       |     1 |       |     4 |     2 ||     7
Armor: Scale mail        |    74 |    37 |       |       |       ||   111
       Chain mail        |       |    71 |   106 |       |       ||   177
       Plate armour      |       |       |   182 |   291 |    43 ||   516
       Troll leather arm |       |       |       |    10 |       ||    10
Dodge: Dodged            |    77 |    80 |   122 |   120 |    15 ||   414
Block: Buckler           |    44 |    50 |    80 |    75 |       ||   249

Table legend: (Time is in decaauts)
 A = Elapsed time spent in this place.
 B = Non-inter-level travel time spent in this place.
 C = Inter-level travel time spent in this place.
 D = Time resting spent in this place.
 E = Time spent auto-exploring this place.
 F = Levels seen in this place.
 G = Mean time per level.
                   A        B        C        D        E       F      G
               +--------+--------+--------+--------+--------+-----+--------+
         Total |  19323 |  18850 |    473 |   2399 |  12823 |  16 | 1207.7 |
       Dungeon |  16349 |  15895 |    454 |   1624 |  11521 |  13 | 1257.6 |
        Temple |    229 |    210 |     19 |      0 |    159 |   1 |  229.0 |
         Sewer |   1289 |   1289 |      0 |    227 |    673 |   1 | 1289.0 |
      Gauntlet |   1455 |   1455 |      0 |    548 |    470 |   1 | 1455.0 |
               +--------+--------+--------+--------+--------+-----+--------+

Top non-repeatable levels by time:
    D:11: 2100 daAuts
     D:9: 1978 daAuts
     D:2: 1814 daAuts
Gauntlet: 1455 daAuts
     D:7: 1435 daAuts
   Sewer: 1289 daAuts
     D:1: 1238 daAuts
     D:5: 1219 daAuts
    D:10: 1201 daAuts
     D:6: 1189 daAuts
     D:4: 1180 daAuts
     D:8: 1115 daAuts
    D:12: 1031 daAuts
     D:3: 806 daAuts
  Temple: 229 daAuts
